 Dungeon Crawl Stone Soup version 0.27.1-33-g824d729ab1 (webtiles) character file.

Game seed: 11318106310553384560

105 masacerus the Shooter (level 5, -1/37 HPs)
             Began as a Human Arcane Marksman on Jan 1, 2022.
             Slain by an adder (4 damage)
             ... on level 2 of the Dungeon.
             The game lasted 00:16:36 (3049 turns).

masacerus the Shooter (Human Arcane Marksman)       Turns: 3049, Time: 00:16:37

Health: -1/37      AC:  2    Str: 10    XL:     5   Next: 9%
Magic:  6/6        EV: 12    Int: 15    God:
Gold:   153        SH:  0    Dex: 13    Spells: 5/6 levels left

rFire    . . .     SeeInvis .   s - +0 flail
rCold    . . .     Faith    .   (no shield)
rNeg     . . .     Spirit   .   d - +0 robe
rPois    .         Reflect  .   (no helmet)
rElec    .         Harm     .   (no cloak)
rCorr    .         Rampage  .   (no gloves)
Will     .....                  (no boots)
Stlth    +.........             (no amulet)
HPRegen  0.12/turn              (no ring)
MPRegen  0.10/turn              (no ring)

@: lethally poisoned (-1 -> -2)
A: no striking features
a: no special abilities


You were on level 2 of the Dungeon.
You visited 1 branch of the dungeon, and saw 2 of its levels.

You collected 153 gold pieces.

Inventory:

Hand Weapons
 a - a +0 shortbow
 b - a +0 club
 e - a +0 dagger
 f - a +0 short sword
 g - a +0 short sword
 i - a +0 short sword
 l - a +0 club
 m - a +0 short sword
 p - a +0 dagger
 s - a +0 flail (weapon)
Missiles
 c - 39 arrows
 j - 3 stones (quivered)
 k - 24 bolts
Armour
 d - a +0 robe (worn)
 r - a +0 robe
 t - a +0 buckler
Jewellery
 o - a +4 ring of protection
Scrolls
 n - a scroll of immolation {unknown}
 u - 2 scrolls of noise {unknown}
Potions
 h - a potion of flight {unknown}
 q - a potion of heal wounds {unknown}


   Skills:
 + Level 1.6 Fighting
 + Level 0.9 Short Blades
 + Level 3.5 Bows
 + Level 2.9 Dodging
 + Level 1.1 Spellcasting
 + Level 3.2 Hexes


You had 5 spell levels left.
You knew the following spells:

 Your Spells              Type           Power      Damage    Failure   Level
a - Corona                Hex            11%        N/A       6%          1

Your spell library contained the following spells:

 Spells                   Type           Power      Damage    Failure   Level
 Slow                     Hex            10%        N/A       10%         2
 Ensorcelled Hibernation  Hex/Ice        10%        N/A       19%         2
 Blink                    Tloc           N/A        N/A       36%         2
 Inner Flame              Hex/Fire       5%         N/A       36%         3
 Portal Projectile        Hex/Tloc       10%        N/A       36%         3
 Cause Fear               Hex            5%         N/A       54%         4
 Spider Form              Tmut/Pois      0%         N/A       58%         3
 Manifold Assault         Tloc           0%         N/A       100%        5
 Shadow Creatures         Summ           N/A        N/A       100%        6
 Storm Form               Tmut/Air       0%         N/A       100%        7


Dungeon Overview and Level Annotations

Branches:
Dungeon (2/15)

Altars:


Message History

Fire: 41 arrows
Press: ? - help, Q - select action, (/) - cycle Shift-Dir - straight line, f/p - adder
Aim: an adder (38% to hit)
You shoot an arrow. The arrow hits the adder.
The adder is heavily wounded.
The adder misses you. The adder bites you.
Unknown command.
Fire: 40 arrows
Press: ? - help, Q - select action, (/) - cycle Shift-Dir - straight line, f/p - adder
Aim: an adder (moderately wounded, 38% to hit)
You shoot an arrow. The arrow misses the adder.
The adder bites you.
Unknown command.
Unknown command.
Unknown command.
Unknown command.
There are no items here.
s - a +0 flail (weapon)
The adder closely misses you.
You barely miss the adder.
The adder is moderately wounded.
The adder bites you.
You are poisoned.
The adder poisons you! The adder bites you.
You closely miss the adder.
The adder is moderately wounded.
You feel sick. The adder closely misses you. The adder bites you.
* * * LOW HITPOINT WARNING * * *
You closely miss the adder.
The adder is moderately wounded.
You feel sick. The adder bites you.
* * * LOW HITPOINT WARNING * * *
You are more poisoned.
The adder poisons you!
* * * LOW HITPOINT WARNING * * *
You feel sick. The adder misses you.
You feel sick. The adder barely misses you.
You feel sick.
You feel sick. The adder bites you.
You die...

#.#*,*,*****,*
#.#*,*,*,,,*,*
#.#*,*,*,*<*,*
#.#,,,,,,,,*,*
###.####.#,,,*,*
#..(....(#****,*
#.#(.....=.,,,,*
#S#########*****
#@# ######.# #
#...##.#
###########...##.#
'.........'.....>#
###########...####
# #...# # #...#
#######...#


You could see an adder.

Vanquished Creatures
  5 adders (D:2)
  A worm (D:2)
  2 dart slugs (D:1)
  4 endoplasms
  4 giant cockroaches
  2 goblins
  6 hobgoblins
  5 kobolds
  3 quokkas
  6 ball pythons
  4 bats
  6 frilled lizards
  5 rats
53 creatures vanquished.

Vanquished Creatures (others)
  11 fungi (D:1)
  5 toadstools (D:1)
16 creatures vanquished.

Grand Total: 69 creatures vanquished

Notes
Turn   | Place    | Note
-------+----------+-------------------------------------------
     0 | D:1      | masacerus the Human Arcane Marksman began the quest for the
                  | Orb.
     0 | D:1      | Reached XP level 1. HP: 15/15 MP: 2/2
   148 | D:1      | Reached XP level 2. HP: 21/21 MP: 3/3
   708 | D:1      | Reached XP level 3. HP: 26/26 MP: 4/4
  1777 | D:2      | Reached XP level 4. HP: 21/32 MP: 5/5
  2967 | D:2      | Reached XP level 5. HP: 36/37 MP: 6/6
  3049 | D:2      | Slain by an adder

Illustrated notes

Levels and vault maps discovered:
D:1:      saegor_arrival_miasma, layout_basic, minmay_gold_behind_fungi,
          roderic_lattice_a
D:2:      layout_basic, minmay_fractal_squares_5

Skill      XL: |  1  2  3  4 |
---------------+-------------+-----
Bows           | 3 |  3.5
Fighting       | |  1.6
Short Blades   | |  0.9
Dodging        | |  2.9
Spellcasting   | |  1.1
Hexes          | |  3.2

Action                   |  1- 3 |  4- 6 || total
-------------------------+-------+-------++-------
Melee: Dagger            |    55 |       ||    55
       Short sword       |    44 |    35 ||    79
       Flail             |       |     3 ||     3
 Fire: Shortbow          |    57 |    59 ||   116
Throw: Stone             |     2 |     2 ||     4
  Use: Scroll            |       |     1 ||     1
Armor: Robe              |    11 |    12 ||    23
Dodge: Dodged            |    53 |    47 ||   100
